[Event "Sautron op 13th"]
[Site "Sautron"]
[Date "2013.10.30"]
[Round "6"]
[White "Migot, Tangi"]
[Black "Bailet, Pierre"]
[Result "1/2-1/2"]
[ECO "B58"]
[WhiteElo "2354"]
[BlackElo "2474"]
[Annotator "RR"]
[PlyCount "54"]
[EventDate "2013.10.26"]
[EventType "swiss"]
[EventRounds "9"]
[EventCountry "FRA"]
[SourceTitle "EXT 2016"]
[Source "ChessBase"]
[SourceDate "2015.10.08"]
[SourceVersion "1"]
[SourceVersionDate "2015.10.08"]
[SourceQuality "1"]
[TimeControl "40/5400+30:1800+30"]
[WhiteClock "1:30:00"]
[BlackClock "1:30:00"]

1. e4 c5 2. Nf3 Nc6 3. d4 cxd4 4. Nxd4 Nf6 5. Nc3 d6 6. Be2 Nxd4 (6... e5 {La grande ligne}) 7. Qxd4 g6 8. g4 $1 (8. e5 dxe5 9. Qxe5 Bg7 10. O-O O-O 11. Rd1 Qb6 12. Be3 Qe6 13. Qb5 Bd7 14. Qb3
Rfc8 15. Qxe6 fxe6 16. Rd2 Bc6 17. Bc4 Bd5 18. Nxd5 Rxc4 19. Nxf6+ Bxf6 20. c3
b5 21. Rad1 Kf7 22. Kf1 a5 23. Rd8 Ra6 24. Bd4 e5 25. Be3 b4 26. Bd2 bxc3 27.
Bxc3 a4 28. a3 g5 29. h3 h5 30. Ke2 Rb6 31. R1d2 h4 32. R8d5 g4 33. Kd3 gxh3
34. gxh3 Rf4 35. Kc2 Rc6 36. Kb1 Ke6 37. Ra5 Rd6 {Fernandez Garcia,J (2419)
-Matnadze,A (2422) Don Benito 2012 0-1}) (8. Bb5+ Bd7 9. Bxd7+ Qxd7 10. Bg5 Bg7
11. Nd5 Nh5 12. Qb4 e6 13. Nf4 $13) (8. O-O Bg7) 8... h6 9.
Be3 (9. Bb5+ Bd7 10. Bxd7+ Qxd7 11. f3 Bg7 12. Be3 O-O 13. Qd2
Kh7 (13... h5 {Massoni,M (2338)-Delorme,A (2293) Breizh Masters 2011 (7) 1/2})
14. h4) 9... Bg7 10. Rg1 $146 {[%emt 0:00:55] Probablement
une préparation maison des Blancs qui ont joué vite cette nouveauté.} (10.
f3 O-O 11. Qd2 {Michiels,B (2304)-Berthelot,Y (2311) Breizh Masters 1st 2003 
(5) 1/2}) 10... Be6 11. f4 O-O 12. Qd2 b5 $1 {[%emt 0:02:58] Anticipe
le ooo des Blancs} 13. Bxb5 (13. f5 b4 $13 ) 13...
Rc8 (13... Rb8 14. f5 (14. Bxa7 $2 Nxe4)) 14. f5 Rxc3 $1 15. Qxc3 Nd5 $1 16. Qb3 Nxe3 17. fxe6 Nxc2+ 18. Qxc2 Qa5+ {[%emt 0:00:12] La pointe de
la combinaison} 19. Kf1 Qxb5+ 20. Kg2 fxe6 21. Rgf1 Rb8 22. Rf2 Bd4 23. Rd2 Qe5 24. Rf1 Kg7 25. b3 Bc5 $44 26. Qb2 Qxb2 27. Rxb2 Rb4 1/2-1/2